Map: Base du roi Sejong EC

Players

DownForce - Winner!

  • Race: Protoss Protoss
  • League: Diamond

Worming

  • Race: Zerg Zerg

VOD

Have the link to the VOD?

Description

Time

  • Played on: June 23, 2016, 5:30 a.m.
  • Length: 3:46
Show
View Real Time Build Order
Export as new Build Order

DownForce Protoss - Winner!

Build Orders: Nexus First 

Get SALT Encoding   

  12  0:02  Probe (Chrono Boost)  
  13  0:12  Probe (Chrono Boost)  
  14  0:20  Pylon  
  14  0:25  Probe (Chrono Boost)  
  15  0:38  Probe (Chrono Boost)  
  16  0:48  Probe (Chrono Boost)  
  17  1:00  Nexus  
  17  1:09  Forge  
  17  1:14  Probe (Chrono Boost)  
  18  1:22  Gateway  
  18  1:31  Assimilator  
  18  1:34  Assimilator  
  18  1:37  Probe (Chrono Boost)  
  19  1:44  Pylon  
  19  2:02  Photon Cannon  
  19  2:05  Photon Cannon  
  19  2:07  Probe (Chrono Boost)  
  20  2:18  Probe (Chrono Boost)  
  21  2:28  Probe (Chrono Boost)  
  22  2:40  Photon Cannon  
  22  2:45  Cybernetics Core  
  22  2:52  Pylon  
  22  2:57  Probe (Chrono Boost)  
  23  3:05  Probe (Chrono Boost)  
  24  3:17  Assimilator  
  24  3:20  Assimilator  
  24  3:25  Photon Cannon  
  24  3:31  Pylon  
Show
View Real Time Build Order
Export as new Build Order

Worming Zerg 

Build Orders: Pool First 

Get SALT Encoding   

  12  0:02  Drone  
  13  0:15  Overlord  
  13  0:17  Drone  
  14  0:33  Drone x2  
  16  0:43  Drone  
  16  0:48  Spawning Pool  
  16  0:49  Drone  
  17  1:10  Hatchery  
  16  1:13  Drone  
  16  1:16  Drone  
  18  1:21  Extractor  
  18  1:22  Drone  
  18  1:35  Queen  
  18  1:36  Zergling x2  
  21  1:44  Overlord  
  21  1:52  Drone  
  22  2:10  Drone  
  22  2:13  Queen  
  22  2:14  Overlord  
  25  2:22  Metabolic Boost  
  25  2:41  Spine Crawler  
  24  2:46  Zergling x2  
  23  2:53  Hatchery  
  23  2:57  Zergling x2  
  23  2:58  Zergling x4  
Tags
 
Add a new tag
Caveats
  • Supply blocks, unpowered buildings, or Contaminate may cause inaccurate times.
  • Supply counts are checked every 10 seconds.